 Dungeon Crawl Stone Soup version 0.31-a0-1009-g454b1f1e0a (webtiles) character file.

Game seed: 16033477884343564692

67 Colgate the Poker (level 4, -2/33 HPs)
             Began as a Merfolk Gladiator on Nov 15, 2023.
             Was an Initiate of Wu Jian.
             Slain by an orc wizard
             ... wielding a +0 dagger
              (3 damage)
             ... on level 3 of the Dungeon.
             The game lasted 00:07:38 (1635 turns).

Colgate the Poker (Merfolk Gladiator)               Turns: 1635, Time: 00:07:39

Health: -2/33      AC:  6    Str: 16    XL:     4   Next: 18%
Magic:  4/4        EV: 12    Int:  7    God:    Wu Jian [......]
Gold:   91         SH:  0    Dex: 15    Spells: 3/3 levels left

rFire   . . .        a - +0 trident
rCold   . . .        (no shield)
rNeg    . . .        m - +0 ring mail
rPois   .            c - +0 helmet
rElec   .            (no cloak)
rCorr   .            (no gloves)
SInv    .            (no boots)
Will    .....        (no amulet)
Stlth   +            p - ring of flight
HPRegen 0.25/turn    (no ring)
MPRegen 0.09/turn

%: no passive effects
@: flying
A: (nimble swimmer 2), mertail
a: Renounce Religion


You were on level 3 of the Dungeon.
You worshipped Wu Jian.
Wu Jian was noncommittal.
You visited 1 branch of the dungeon, and saw 3 of its levels.

You collected 91 gold pieces.

Inventory:

Hand Weapons
 a - a +0 trident (weapon)
Missiles
 d - 3 throwing nets (quivered) {!f}
 e - a javelin
 n - 2 boomerangs
Armour
 b - a +0 leather armour
 c - a +0 helmet (worn)
 m - a +0 ring mail (worn)
Jewellery
 p - a ring of flight (left hand)
Scrolls
 g - a scroll of identify {unknown}
 j - a scroll of teleportation {unknown}
 l - a scroll of amnesia {unknown}
 o - 2 scrolls of noise {unknown}
 r - a scroll of poison {unknown}
Potions
 f - a potion of attraction {unknown}
 h - a potion of haste {unknown}
 i - a potion of berserk rage {unknown}
 k - a potion of ambrosia {unknown}
 q - a potion of heal wounds {unknown}


   Skills:
 - Level 2.1 Fighting
 + Level 6.3 Polearms
 - Level 2.0 Throwing
 - Level 4.0 Dodging
 - Level 1.0 Stealth


You had 3 spell levels left.
You didn't know any spells.
Your spell library contained the following spells:

 Spells                   Type           Power      Damage    Failure   Level
 Apportation              Tloc           0%         N/A       65%         1
 Freeze                   Ice            0%         1d3       65%         1
 Jinxbite                 Hex            0%         N/A       80%         2
 Frozen Ramparts          Ice            0%         1d1       95%         3
 Hailstorm                Conj/Ice       0%         3d3       95%         3
 Stone Arrow              Conj/Erth      0%         3d7       95%         3
 Animate Armour           Summ/Erth      0%         N/A       100%        4
 Alistair's Intoxication  Tmut/Pois      0%         N/A       100%        5
 Lehudib's Crystal Spear  Conj/Erth      0%         10d2      100%        8


Dungeon Overview and Level Annotations

Branches:
Dungeon (3/15)

Altars:
Wu Jian

Shops:
D:1 ?


Innate Abilities, Weirdness & Mutations

((You are very nimble when in or above water. (Stealth+, EV+, Speed+++)))
Your lower body shifts to a powerful aquatic tail in water.


Message History

You resist with some effort.
You hit the orc wizard but do no damage.
The orc wizard hits you but does no damage.
You closely miss the orc wizard.
The orc wizard hits you with a +0 dagger.
You closely miss the orc wizard.
The orc wizard points at you and mumbles some strange words.
The magic dart hits you!
You completely miss the orc wizard. The orc wizard barely misses you.
You closely miss the orc wizard. The orc wizard casts a spell at you.
The magic dart hits you.
You closely miss the orc wizard.
The orc wizard gestures at you while chanting.
The puff of flame hits you!
* * * LOW HITPOINT WARNING * * *
You hit the orc wizard but do no damage.
The orc wizard casts a spell.
The orc wizard flickers and vanishes!
Deactivating autopickup; reactivate with Ctrl-A.
You hit something but do no damage. Something hits you but does no damage.
You hit something. Something completely misses you.
You closely miss something. Something hits you.
* * * LOW HITPOINT WARNING * * *
You barely miss something. Something hits you.
* * * LOW HITPOINT WARNING * * *
You closely miss something. Something hits you but does no damage.
You hit something but do no damage.
You hear some strange, mumbled words.
A puff of flame appears from out of thin air!
The puff of flame hits you.
* * * LOW HITPOINT WARNING * * *
You hit something. Something hits you but does no damage.
You miss something.
You hear some strange, mumbled words.
A magic dart appears from out of thin air!
The magic dart hits you.
* * * LOW HITPOINT WARNING * * *
You closely miss something. Something hits you.
You die...

#.#..#..#.#####.#
#<'..
#.......#.......#
#.#.# ###.......###
#!. #.#.# ##..%..).#)#
#.# #.#.# #..#####.#.#
#.# #.'.. #..# #....
#.# ##### #..# #.....
#.# #..# #......##{#
...#####......##@#
##............##.#####
##..##.......##.....#
#..# ##.###.# ##.##
#...##.# ##.##
#....#.# ..########
#....#.# ..#......####
##.....# ....).......#
###.###


There were no monsters in sight!

Vanquished Creatures
  An adder (D:2)
  3 dart slugs
  2 orcs (D:3)
  5 endoplasms
  2 giant cockroaches
  7 goblins
  2 hobgoblins
  4 jackals (D:2)
  4 kobolds
  3 quokkas
  4 ball pythons
  2 bats (D:1)
  2 frilled lizards
  7 rats
48 creatures vanquished.

Notes
Turn   | Place    | Note
-------+----------+-------------------------------------------
     0 | D:1      | Colgate the Merfolk Gladiator began the quest for the Orb.
     0 | D:1      | Reached XP level 1. HP: 16/16 MP: 1/1
   294 | D:1      | Found Voeteur's Magic Scroll Shop.
   314 | D:1      | Reached XP level 2. HP: 15/22 MP: 2/2
   573 | D:1      | Reached skill level 5 in Polearms
  1015 | D:2      | Reached XP level 3. HP: 26/27 MP: 3/3
  1199 | D:2      | Reached skill level 6 in Polearms
  1249 | D:2      | Reached skill level 1 in Stealth
  1476 | D:3      | Found an ornate altar of the Wu Jian Council.
  1493 | D:3      | Became a worshipper of the Wu Jian Council
  1495 | D:3      | Reached XP level 4. HP: 29/33 MP: 4/4
  1632 | D:3      | HP: 1/33 [something/puff of flame (2)]
  1635 | D:3      | Slain by an orc wizard

Illustrated notes

Levels and vault maps discovered:
D:1:      ebering_trefoil_twist, layout_basic, serial_shops, shop
D:2:      layout_rooms
D:3:      layout_loops_cross, mainiacjoe_overflow_six_doors_small

Skill      XL: |  1  2  3 |
---------------+----------+-----
Polearms       | 5 6 |  6.3
Stealth        | 1 |  1.0
Fighting       | |  2.1
Throwing       | |  2.0
Dodging        | |  4.0

Action                     |  1- 3 |  4- 6 || total
---------------------------+-------+-------++-------
  Melee: Trident           |   129 |    36 ||   165
         Punch             |     1 |     1 ||     2
  Throw: Javelin           |     1 |       ||     1
         Boomerang         |     1 |       ||     1
   Stab: Sleeping          |     1 |       ||     1
         Distracted        |       |     1 ||     1
 Armour: Leather armour    |    27 |       ||    27
         Ring mail         |    22 |    21 ||    43
  Dodge: Dodged            |    52 |     7 ||    59

Table legend: (Time is in decaauts)
 A = Elapsed time spent in this place.
 B = Non-inter-level travel time spent in this place.
 C = Inter-level travel time spent in this place.
 D = Time resting spent in this place.
 E = Time spent auto-exploring this place.
 F = Levels seen in this place.
 G = Mean time per level.
                   A        B        C        D        E       F      G
               +--------+--------+--------+--------+--------+-----+--------+
         Total |   1637 |   1532 |    105 |      2 |   1148 |   3 |  545.7 |
       Dungeon |   1637 |   1532 |    105 |      2 |   1148 |   3 |  545.7 |
               +--------+--------+--------+--------+--------+-----+--------+

Top non-repeatable levels by time:
     D:1: 1010 daAuts
     D:2: 463 daAuts
     D:3: 162 daAuts
